 Dungeon Crawl Stone Soup version 0.20-a0-550-gf70bbbc (webtiles) character file.

7693 Elitist the Covert (level 11, -9/63 HPs)
             Began as a Kobold Hunter on Feb 2, 2017.
             Was a Believer of Dithmenos.
             Mangled by a death yak (16 damage)
             ... on level 8 of the Dungeon.
             The game lasted 00:35:34 (10166 turns).

Elitist the Covert (Kobold Hunter)                 Turns: 10166, Time: 00:35:35

Health: -9/63      AC: 11    Str: 10    XL:     11   Next: 42%
Magic:  15/15      EV: 17    Int: 17    God:    Dithmenos [**....]
Gold:   423        SH:  0    Dex: 18    Spells: 3/16 levels left

rFire    + . .     SeeInvis .   a - +2 dagger (venom)
rCold    + + .     Gourm    .   l - +3 leather armour
rNeg     . . .     Faith    .   (shield restricted)
rPois    .         Spirit   .   t - +2 helmet
rElec    +         Reflect  .   (no cloak)
rCorr    .         Harm     .   (no gloves)
MR       .....                  (no boots)
Stlth    +++++++...             (no amulet)
Regen    0.2/turn               h - ring of stealth
                                v - ring "Cipemivoytz" {*Corrode +Inv rElec rF+ rC++}

@: very slightly contaminated, wreathed by umbra
A: talons 1, slimy green scales 1, agile 1, carnivore 3, clever 1, low mp 1,
MP-powered wands
a: Shadow Step, Renounce Religion, Evoke Invisibility


You were on level 8 of the Dungeon.
You worshipped Dithmenos.
Dithmenos was pleased with you.
You were very full.

You visited 2 branches of the dungeon, and saw 9 of its levels.

You collected 423 gold pieces.

Inventory:

Hand Weapons
 a - a +2 dagger of venom (weapon)
 b - a +1 short sword of speed
 A - a +0 rapier
Missiles
 n - 3 throwing nets (quivered)
Armour
 l - a +3 leather armour (worn)
 t - a +2 helmet (worn)
Jewellery
 h - a ring of stealth (right hand)
 v - the ring "Cipemivoytz" (left hand) {*Corrode +Inv rElec rF+ rC++}
   (You found it on level 4 of the Dungeon)

   [ring of protection from fire]

   It protects you from fire.
   It greatly protects you from cold.
   It insulates you from electricity.
   It lets you turn invisible.
   It may corrode you when you take damage.
 F - an uncursed ring of poison resistance {unknown}
Wands
 o - a wand of enslavement (0/24)
Scrolls
 g - 7 scrolls of teleportation
 i - 5 scrolls of remove curse
 j - 3 scrolls of recharging
 m - a scroll of enchant weapon
Potions
 d - a potion of might
 e - 3 potions of lignification
 p - a potion of brilliance {unknown}
 r - 6 potions of curing
 s - a potion of agility
 z - 2 potions of degeneration
 C - a potion of flight
 I - a potion of invisibility {unknown}
 J - a potion of resistance
Books
 c - a book of Minor Magic

   Spells                             Type                      Level
   a - Magic Dart                     Conjuration                  1
   b - Blink                          Translocation                2
   c - Call Imp                       Summoning                    2
   d - Repel Missiles                 Charms/Air                   2
   e - Slow                           Hexes                        2
   f - Conjure Flame                  Conjuration/Fire             3
   g - Mephitic Cloud                 Conjuration/Poison/Air       3
 k - a book of Misfortune

   Spells                             Type                      Level
   a - Confusing Touch                Hexes                        1
   b - Confuse                        Hexes                        3
   c - Gell's Gravitas                Hexes/Translocation          3
   d - Petrify                        Transmutation/Earth          4
   e - Metabolic Englaciation         Hexes/Ice                    5
   f - Yara's Violent Unravelling     Hexes/Transmutation          5
 G - a book of Conjurations

   Spells                             Type                      Level
   a - Magic Dart                     Conjuration                  1
   b - Searing Ray                    Conjuration                  2
   c - Dazzling Spray                 Conjuration/Hexes            3
   d - Fulminant Prism                Conjuration/Hexes            4
   e - Iskenderun's Mystic Blast      Conjuration                  4
   f - Iskenderun's Battlesphere      Conjuration/Charms           5
Comestibles
 f - 5 meat rations
 u - a royal jelly


   Skills:
 - Level 5.1 Fighting
 - Level 9.0 Short Blades
   Level 5.3 Crossbows
 - Level 5.1 Dodging
 + Level 10.6 Stealth
 - Level 3.4 Spellcasting
 - Level 3.0 Conjurations
 + Level 6.5 Hexes
 + Level 3.9 Air Magic
 - Level 2.5 Invocations
 + Level 8.8 Evocations


You had 3 spell levels left.
You knew the following spells:

 Your Spells              Type           Power        Failure   Level  Hunger
a - Slow                  Hex            ####....     2%          2    ##.....
m - Mephitic Cloud        Conj/Pois/Air  ##......     28%         3    ###....
r - Repel Missiles        Chrm/Air       #.....       17%         2    ##.....
s - Dazzling Spray        Conj/Hex       ###...       12%         3    ###....
z - Confuse               Hex            ####....     6%          3    ###....


Dungeon Overview and Level Annotations

Branches:
Dungeon (8/15)             Temple (1/1) D:5            Lair (0/6) D:8

Altars:
Ashenzari
Cheibriados
Dithmenos
Elyvilon
Fedhas
Gozag
Hepliaklqana
Kikubaaqudgha
Makhleb
Nemelex Xobeh
Okawaru
Qazlal
Ru
Sif Muna
Trog
Uskayaw
Vehumet
Xom
Yredelemnul
Zin
The Shining One

Annotations:
D:8 Joseph


Innate Abilities, Weirdness & Mutations

You are small and have problems with some larger weapons.
You are carnivorous and can eat meat at any time.
You have sharp toenails.
You are partially covered in slimy green scales. (AC +2)
You are agile. (Dex +2)
Your mind is acute. (Int +2)
Your magical capacity is low. (-10% MP)
You expend magic power (3 MP) to strengthen your wands.


Message History

You flicker back into view.
There is a stone staircase leading down, spattered with blood here.
You climb downwards.
Level annotation: Joseph
There is a stone staircase leading up, spattered with blood here.
You see here a +1 helmet.
A death yak is nearby!
The death yak bellows!
You hit the death yak but do no damage.
The death yak is poisoned.
You hit the death yak but do no damage.
The death yak looks as sick as possible!
Your kick misses the death yak.
The death yak is lightly wounded.
The death yak gores you!!
* * * LOW HITPOINT WARNING * * *
You hit the death yak.
The death yak looks as sick as possible!
The death yak is lightly wounded.
The death yak gores you!
You die...

#(.......)#........#
#.........####.....#
#..........####.####
#.......p.......#
##...##...#######
##...###### #..)..#
#..<..# #..@Y.#
##...## ##...##
#.....# #<....#
#.....# #######


You could see a death yak.

Vanquished Creatures
  A two-headed ogre (D:8)
  3 death yaks (D:7)
  Pikel (D:8)
  Prince Ribbit (D:6)
  A hornet (D:8)
  Grinder (D:3)
  A hippogriff (D:8)
  Sigmund (D:2)
  A spriggan (D:7)
  Grum (D:8)
  A water moccasin (D:5)
  An orc warrior (D:7)
  2 black bears
  A slave (D:7)
  2 ice beasts (D:6)
  A necrophage (D:3)
  4 sky beasts
  2 ogres
  A phantom (D:7)
  3 wolves (D:7)
  4 centaurs
  A big kobold (D:7)
  3 bullfrogs
  4 scorpions
  A water moccasin skeleton (D:7)
  The ghost of xBeefyy the Skirmisher, a weakling DsFi (D:4)
  2 howler monkeys
  3 crimson imps
  A bullfrog skeleton (D:5)
  A centaur skeleton (D:5)
  3 hounds
  A jelly (D:7)
  5 orc priests
  6 orc wizards
  Natasha (thrice) (D:2)
  3 iguanas
  4 worker ants
  17 adders
  4 gnolls (D:7)
  An adder zombie (D:6)
  An adder skeleton (D:4)
  3 worms
  2 dart slugs
  3 leopard geckos
  24 orcs
  2 giant cockroaches
  7 goblins
  9 hobgoblins
  16 jackals
  6 quokkas
  A ball python (D:1)
  7 bats
  5 frilled lizards
  12 kobolds
  A leopard gecko skeleton (D:4)
  14 rats
  A spectral orc (D:4)
212 creatures vanquished.

Vanquished Creatures (others)
  2 slaves (D:8)
  An iguana (D:8)
  4 orcs (D:8)
  A leopard gecko zombie (D:5)
8 creatures vanquished.

Grand Total: 220 creatures vanquished

Notes
Turn   | Place    | Note
-------+----------+-------------------------------------------
     0 | D:1      | Elitist the Kobold Hunter began the quest for the Orb.
     0 | D:1      | Reached XP level 1. HP: 12/12 MP: 1/1
   140 | D:1      | Reached skill level 5 in Crossbows
   384 | D:1      | Reached skill level 1 in Short Blades
   393 | D:1      | Reached XP level 2. HP: 18/18 MP: 2/2
   752 | D:1      | Reached XP level 3. HP: 20/22 MP: 3/3
  1020 | D:2      | Noticed Natasha
  1023 | D:2      | Killed Natasha
  1023 | D:2      | Reached XP level 4. HP: 27/27 MP: 4/4
  1203 | D:1      | Learned a level 3 spell: Confuse
  1331 | D:2      | Noticed Sigmund
  1437 | D:3      | Reached skill level 1 in Spellcasting
  1464 | D:3      | Noticed Grinder
  1475 | D:3      | Killed Grinder
  1475 | D:3      | Reached skill level 3 in Stealth
  1475 | D:3      | Reached XP level 5. HP: 32/32 MP: 5/8
  1475 | D:3      | Reached XP level 6. HP: 37/37 MP: 5/9
  1553 | D:3      | Reached skill level 5 in Short Blades
  1590 | D:3      | Noticed a necrophage
  1606 | D:3      | Killed a necrophage
  1606 | D:3      | Reached XP level 7. HP: 41/41 MP: 10/10
  1731 | D:3      | Found a glowing golden altar of the Shining One.
  2024 | D:2      | Killed Sigmund
  2024 | D:2      | Reached skill level 4 in Stealth
  2302 | D:2      | Noticed Natasha
  2303 | D:2      | Killed Natasha
  2398 | D:2      | Noticed Natasha
  2419 | D:2      | Killed Natasha
  2621 | D:3      | Found a radiant altar of Vehumet.
  2690 | D:3      | Reached skill level 1 in Hexes
  3520 | D:4      | Reached XP level 8. HP: 48/48 MP: 12/12
  3631 | D:4      | Learned a level 2 spell: Slow
  3635 | D:4      | Learned a level 3 spell: Mephitic Cloud
  3638 | D:4      | Learned a level 2 spell: Repel Missiles
  3655 | D:4      | Reached skill level 5 in Stealth
  3960 | D:4      | Found a basalt altar of Yredelemnul.
  4004 | D:4      | Got a steaming bone ring
  4005 | D:4      | Identified the ring "Cipemivoytz" {*Corrode +Inv rElec rF+ rC++} (You found it on level 4 of the Dungeon)
  4092 | D:4      | Found a hide-covered altar of Uskayaw.
  4150 | D:4      | Noticed xBeefyy's ghost (weakling DsFi)
  4153 | D:4      | Reached skill level 1 in Evocations
  4253 | D:4      | Killed xBeefyy's ghost
  4499 | D:5      | Entered Level 5 of the Dungeon
  4508 | D:5      | Reached skill level 6 in Stealth
  4646 | D:5      | Found a blossoming altar of Fedhas.
  4667 | D:5      | Reached skill level 5 in Fighting
  4667 | D:5      | Reached XP level 9. HP: 54/54 MP: 11/14
  4809 | D:5      | Found a glowing silver altar of Zin.
  4815 | D:5      | Found an iron altar of Okawaru.
  4815 | D:5      | Found an iron altar of Okawaru.
  4822 | D:5      | Found an ancient bone altar of Kikubaaqudgha.
  4822 | D:5      | Found a snail-covered altar of Cheibriados.
  4822 | D:5      | Found a basalt altar of Yredelemnul.
  4822 | D:5      | Found a radiant altar of Vehumet.
  4822 | D:5      | Found a glowing silver altar of Zin.
  4823 | D:5      | Found an opulent altar of Gozag.
  4823 | D:5      | Found a deep blue altar of Sif Muna.
  4825 | D:5      | Found a glowing golden altar of the Shining One.
  4825 | D:5      | Found a sparkling altar of Nemelex Xobeh.
  4826 | D:5      | Found a bloodstained altar of Trog.
  4826 | D:5      | Found a glowing silver altar of Zin.
  4827 | D:5      | Found a hide-covered altar of Uskayaw.
  4827 | D:5      | Found a shattered altar of Ashenzari.
  4830 | D:5      | Found a staircase to the Ecumenical Temple.
  4848 | Temple   | Entered the Ecumenical Temple
  4903 | Temple   | Became a worshipper of Dithmenos the Shadowed
  5050 | D:5      | Found an ancient bone altar of Kikubaaqudgha.
  5061 | D:5      | Found a hazy altar of Hepliaklqana.
  5076 | D:5      | Reached skill level 1 in Invocations
  5412 | D:5      | Reached skill level 7 in Stealth
  5555 | D:6      | Noticed Prince Ribbit
  5567 | D:6      | Killed Prince Ribbit
  5656 | D:6      | Reached skill level 5 in Evocations
  5710 | D:6      | Learned a level 3 spell: Dazzling Spray
  6054 | D:6      | Gained mutation: You have sharp toenails. [potion of mutation]
  6054 | D:6      | Gained mutation: Your magical capacity is low. (-10% MP) [potion of mutation]
  6054 | D:6      | Gained mutation: You are partially covered in slimy green scales. (AC +2) [potion of mutation]
  6055 | D:6      | Gained mutation: You expend magic power (3 MP) to strengthen your wands. [potion of mutation]
  6055 | D:6      | Gained mutation: Armour fits poorly on your strangely shaped body. [potion of mutation]
  6055 | D:6      | Gained mutation: You are agile. (Dex +2) [potion of mutation]
  6120 | D:6      | Gained mutation: Your mind is acute. (Int +2) [mutagenic meat]
  6121 | D:6      | Lost mutation: Armour fits poorly on your strangely shaped body. [mutagenic meat]
  6250 | D:6      | Reached * piety under Dithmenos
  6383 | D:6      | Reached skill level 8 in Stealth
  6770 | D:7      | Reached XP level 10. HP: 59/59 MP: 10/13
  7064 | D:7      | Found a sacrificial altar of Ru.
  7353 | D:7      | Reached skill level 5 in Dodging
  7394 | D:7      | Found a white marble altar of Elyvilon.
  7676 | D:7      | Reached ** piety under Dithmenos
  7724 | D:7      | Reached skill level 9 in Stealth
  7818 | D:8      | Reached skill level 1 in Conjurations
  7918 | D:8      | Noticed a death yak
  7922 | D:8      | Noticed a death yak
  7923 | D:8      | Noticed a death yak
  7981 | D:8      | Found a radiant altar of Vehumet.
  7985 | D:8      | Noticed a death yak
  8091 | D:8      | Found a staircase to the Lair.
  8154 | D:8      | Noticed a death yak
  8154 | D:8      | Noticed Pikel
  8156 | D:8      | Noticed a death yak
  8160 | D:8      | Noticed a death yak
  8460 | D:8      | Killed Pikel
  8682 | D:8      | Reached skill level 5 in Hexes
  8923 | D:7      | Killed a death yak
  8923 | D:7      | Reached skill level 1 in Air Magic
  8942 | D:7      | Killed a death yak
  8942 | D:7      | Reached XP level 11. HP: 47/63 MP: 12/15
  9306 | D:8      | Noticed a two-headed ogre
  9323 | D:8      | Reached skill level 10 in Stealth
  9335 | D:8      | Killed a two-headed ogre
  9620 | D:8      | Noticed Grum
  9630 | D:8      | Killed Grum
  9642 | D:8      | Noticed Joseph
 10135 | D:7      | Killed a death yak
 10166 | D:8      | Mangled by a death yak

Vault maps used:
D:1:      minmay_arrival_radiant_lines
D:2:      minmay_pentomino_v4, uniq_sigmund, uniq_natasha
D:3:      vehumet_crystals, tso_metal_star, minmay_misc_feat_doors, uniq_grinder
D:4:      eat_drink_and_be_merry_uskayaw, yredelemnul_forgotten_temple_becter,
          first_bread
D:5:      kiku_gazebo_garden_becter, overflow_temple_1_default,
          old_standard_altar, temple_doors_cd, lemuel_flame_loot_1
D:6:      kennysheep_spiral_hall, uniq_prince_ribbit1
D:7:      elyvilon_altar_1, nicolae_ru_sacrificial_ziggurat
D:8:      dpeg_lair_monsters, the_bakery, vehumet_altar_wand_db, uniq_joseph,
          uniq_pikel, uniq_grum
Temple:   nicolae_temple_x_marks_the_god

Skill      XL: |  1  2  3  4  5  6  7  8  9 10 11 |
---------------+----------------------------------+-----
Crossbows      | 5 |  5.3
Short Blades   | 1 2 4 5 6 7 9 |  9.0
Spellcasting   | 2 3 |  3.4
Fighting       | 3 4 5 |  5.1
Stealth        | 3 4 6 8 9 10 | 10.6
Hexes          | 1 2 3 5 6 |  6.5
Evocations     | 3 5 8 |  8.8
Invocations    | 2 |  2.5
Dodging        | 3 5 |  5.1
Conjurations   | 3 |  3.0
Air Magic      | 2 3 |  3.9

Action                   |  1- 3 |  4- 6 |  7- 9 | 10-12 || total
-------------------------+-------+-------+-------+-------++-------
Melee: Short sword       |    50 |    28 |   453 |   167 ||   698
       Unarmed           |       |     8 |       |       ||     8
       Kick              |       |       |    19 |   101 ||   120
       Dagger            |       |       |       |   164 ||   164
 Fire: Hand crossbow     |    26 |    20 |   115 |       ||   161
 Cast: Confuse           |       |       |     8 |     9 ||    17
       Repel Missiles    |       |       |     1 |       ||     1
 Abil: Evoke Invisibilit |       |       |     8 |    13 ||    21
       Turn Visible      |       |       |     3 |     3 ||     6
Evoke: Wand              |       |       |     3 |       ||     3
  Use: Scroll            |       |     4 |    13 |     5 ||    22
       Potion            |       |     2 |     5 |     3 ||    10
 Stab: Sleeping          |       |     1 |    10 |     9 ||    20
       Distracted        |       |       |     4 |       ||     4
       Invisible         |       |       |    12 |    33 ||    45
       Confused          |       |       |     4 |     2 ||     6
  Eat: Chunk             |     9 |     1 |    24 |    15 ||    49
Armor: Leather armour    |    12 |    13 |    67 |    29 ||   121
       Skin              |       |     5 |       |       ||     5
Dodge: Dodged            |    35 |    38 |   226 |   200 ||   499
       Deflected         |       |       |       |     1 ||     1
